TOP OF THE 1ST |
Lancaster JetHawks batting - Pitching for Richmond Flying Squirrels : RHP John Bittinger
|
Pitching: RHP John Bittinger
|
|
Batting: LHB Lou Toth
|
0-0: Ball 1-0: Ball 2-0: Ball 3-0: DOUBLE (Line Drive, 89D, EV 103.8 MPH)
|
Batting: RHB Nick Deegan
|
0-0: Ground out 5-3 (Groundball, 25, EV 88.8 MPH)
|
Batting: LHB Josh Corkery
|
0-0: Swinging Strike 0-1: Called Strike 0-2: Ball 1-2: Ball 2-2: Strikes out looking
|
Batting: RHB Steve Moore
|
0-0: Ball 1-0: SINGLE (Groundball, 56D, EV 96.2 MPH) Lou Toth to third Runner from 3rd tries for Home, SAFE, throw by LF to home Steve Moore to second
|
Batting: RHB Alex Campos
|
0-0: Fly out, F6 (Line Drive, 6, EV 62.5 MPH)
|
Top of the 1st over - 1 run, 2 hits, 0 errors, 1 left on base; Lancaster 1 - Richmond 0 |
BOTTOM OF THE 1ST |
Richmond Flying Squirrels batting - Pitching for Lancaster JetHawks : RHP Scott Spillman
|
Pitching: RHP Scott Spillman
|
|
Batting: SHB David Barona
|
0-0: Called Strike 0-1: Called Strike 0-2: Ball 1-2: Ground out 5-3 (Groundball, 56S, EV 69.4 MPH)
|
Batting: LHB Gil Caraveo
|
0-0: Ball 1-0: Foul Ball, location: 2F 1-1: Foul Ball, location: 2F 1-2: Foul Ball, location: 2F 1-2: Strikes out swinging
|
Batting: LHB Gabe Velez
|
0-0: Ball 1-0: Ground out 5-3 (Groundball, 5, EV 81.9 MPH)
|
Bottom of the 1st over - 0 runs, 0 hits, 0 errors, 0 left on base; Lancaster 1 - Richmond 0 |
TOP OF THE 2ND |
Lancaster JetHawks batting - Pitching for Richmond Flying Squirrels : RHP John Bittinger
|
Batting: LHB Jackson Trottier
|
0-0: Ball 1-0: Foul Ball, location: 2F 1-1: Swinging Strike 1-2: Ball 2-2: Ball 3-2: Fly out, F7 (Line Drive, 78M, EV 85.0 MPH)
|
Batting: RHB Nate Britton
|
0-0: Swinging Strike 0-1: Swinging Strike 0-2: Strikes out swinging
|
Batting: RHB Jorge Gutierrez
|
0-0: Ball 1-0: Foul Ball, location: 2F 1-1: Ball 2-1: Called Strike 2-2: DOUBLE (Line Drive, 9LS, EV 93.1 MPH)
|
Batting: RHB Andrew Pride
|
0-0: Reached on error, E6 (Groundball, 6MS, EV 84.4 MPH) Jorge Gutierrez to third
|
Batting: LHB Lou Toth
|
0-0: Ball 1-0: Ball 2-0: Swinging Strike 2-1: Swinging Strike 2-2: Strikes out swinging
|
Top of the 2nd over - 0 runs, 1 hit, 1 error, 2 left on base; Lancaster 1 - Richmond 0 |
BOTTOM OF THE 2ND |
Richmond Flying Squirrels batting - Pitching for Lancaster JetHawks : RHP Scott Spillman
|
Batting: LHB Pong-keun Koh
|
0-0: Called Strike 0-1: Ground out 1-3 (Groundball, 15S, EV 69.4 MPH)
|
Batting: RHB Jonathan Reece
|
0-0: Fly out, F3 (Line Drive, 3L, EV 69.4 MPH)
|
Batting: RHB Ian Richardson
|
0-0: Foul Ball, location: 2F 0-1: Ball 1-1: Ball 2-1: Called Strike 2-2: SOLO HOME RUN (Flyball, 9D, EV 96.2 MPH), Distance : 366 ft
|
Batting: RHB Omar Jordan
|
0-0: Ball 1-0: Ball 2-0: Ball 3-0: Base on Balls
|
Batting: RHB Micah McErlean
|
0-0: Ball 1-0: Foul Ball, location: 2F 1-1: Foul Ball, location: 2F 1-2: Ground out 4-3 (Groundball, 34, EV 111.2 MPH)
|
Bottom of the 2nd over - 1 run, 1 hit, 0 errors, 1 left on base; Lancaster 1 - Richmond 1 |
TOP OF THE 3RD |
Lancaster JetHawks batting - Pitching for Richmond Flying Squirrels : RHP John Bittinger
|
Batting: RHB Nick Deegan
|
0-0: Foul Ball, location: 2F 0-1: Ball 1-1: Ball 2-1: SINGLE (Groundball, 34D, EV 96.2 MPH)
|
Batting: LHB Josh Corkery
|
0-0: Foul Ball, location: 2F 0-1: Swinging Strike 0-2: Ball 1-2: Ball 2-2: Strikes out swinging
|
Batting: RHB Steve Moore
|
0-0: DOUBLE (Line Drive, 78M, EV 103.8 MPH) Nick Deegan to third Runner from 3rd tries for Home, SAFE, throw by CF to home
|
Batting: RHB Alex Campos
|
0-0: Ball 1-0: Foul Ball, location: 2F 1-1: Fly out, F9 (Flyball, 9, EV 80.6 MPH)
|
Batting: LHB Jackson Trottier
|
0-0: Called Strike 0-1: Foul Ball, location: 2F 0-2: Ball Wild Pitch! Steve Moore to third 1-2: Strikes out swinging
|
Top of the 3rd over - 1 run, 2 hits, 0 errors, 1 left on base; Lancaster 2 - Richmond 1 |
BOTTOM OF THE 3RD |
Richmond Flying Squirrels batting - Pitching for Lancaster JetHawks : RHP Scott Spillman
|
Batting: RHB Willie Sanchez
|
0-0: Fly out, F9 (Flyball, 9LS, EV 76.2 MPH)
|
Batting: SHB David Barona
|
0-0: Ball 1-0: Foul Ball, location: 2F 1-1: Ball 2-1: Swinging Strike 2-2: Ground out 1-3 (Groundball, 13S, EV 70.0 MPH)
|
Batting: LHB Gil Caraveo
|
0-0: Ball 1-0: Ball 2-0: Foul Ball, location: 2F 2-1: Swinging Strike 2-2: Ground out U3 (Groundball, 3, EV 87.5 MPH)
|
Bottom of the 3rd over - 0 runs, 0 hits, 0 errors, 0 left on base; Lancaster 2 - Richmond 1 |
TOP OF THE 4TH |
Lancaster JetHawks batting - Pitching for Richmond Flying Squirrels : RHP John Bittinger
|
Batting: RHB Nate Britton
|
0-0: Ball 1-0: Ground out 6-3 (Groundball, 6, EV 106.2 MPH)
|
Batting: RHB Jorge Gutierrez
|
0-0: Ball 1-0: Foul Ball, location: 2F 1-1: Called Strike 1-2: Strikes out swinging
|
Batting: RHB Andrew Pride
|
0-0: DOUBLE (Line Drive, 89M, EV 110.6 MPH)
|
Batting: LHB Lou Toth
|
0-0: Called Strike 0-1: Swinging Strike 0-2: Ball 1-2: Foul Ball, location: 2F 1-2: Ball 2-2: Foul Ball, location: 2F 2-2: Ball 3-2: Strikes out swinging
|
Top of the 4th over - 0 runs, 1 hit, 0 errors, 1 left on base; Lancaster 2 - Richmond 1 |
BOTTOM OF THE 4TH |
Richmond Flying Squirrels batting - Pitching for Lancaster JetHawks : RHP Scott Spillman
|
Batting: LHB Gabe Velez
|
0-0: Ball 1-0: Swinging Strike 1-1: Called Strike 1-2: Ball 2-2: Strikes out looking
|
Batting: LHB Pong-keun Koh
|
0-0: Ground out 6-3 (Groundball, 6, EV 86.2 MPH)
|
Batting: RHB Jonathan Reece
|
0-0: Called Strike 0-1: Ball 1-1: Swinging Strike 1-2: Strikes out swinging
|
Bottom of the 4th over - 0 runs, 0 hits, 0 errors, 0 left on base; Lancaster 2 - Richmond 1 |
TOP OF THE 5TH |
Lancaster JetHawks batting - Pitching for Richmond Flying Squirrels : RHP John Bittinger
|
Batting: RHB Nick Deegan
|
0-0: Called Strike 0-1: Ball 1-1: Ball 2-1: Called Strike 2-2: SINGLE (Groundball, 6MD, EV 110.0 MPH)
|
Batting: LHB Josh Corkery
|
0-0: Foul Ball, location: 2F 0-1: Foul Ball, location: 2F 0-2: Hit by Pitch Nick Deegan to second
|
Batting: RHB Steve Moore
|
0-0: Ball 1-0: Called Strike 1-1: Called Strike 1-2: Foul Ball, location: 2F 1-2: Foul Ball, location: 2F 1-2: Fielders Choice at 2nd, 2-6 (Groundball, 2R, EV 67.5 MPH) Nick Deegan to third
|
Batting: RHB Alex Campos
|
0-0: Called Strike 0-1: Ball 1-1: Ball 2-1: Reached on error, E6 (Groundball, 6M, EV 80.0 MPH) Nick Deegan scores Steve Moore to second
|
Batting: LHB Jackson Trottier
|
0-0: Ball 1-0: DOUBLE (Line Drive, 78D, EV 103.1 MPH) Steve Moore scores Alex Campos to third Runner from 3rd tries for Home, SAFE, no throw by LF
|
Batting: RHB Nate Britton
|
0-0: Ground out 4-3 (Groundball, 4D, EV 101.2 MPH) Jackson Trottier to third
|
Batting: RHB Jorge Gutierrez
|
0-0: Ball 1-0: Hit by Pitch
|
Batting: RHB Andrew Pride
|
0-0: Ball 1-0: Called Strike 1-1: DOUBLE (Line Drive, 78D, EV 105.6 MPH) Jackson Trottier scores Jorge Gutierrez to third Runner from 3rd tries for Home, SAFE, throw by CF to home
|
Pitching: RHP Mike Flynn
|
|
Batting: LHB Lou Toth
|
0-0: Ball 1-0: Swinging Strike 1-1: Swinging Strike 1-2: Strikes out swinging
|
Top of the 5th over - 5 runs, 3 hits, 1 error, 1 left on base; Lancaster 7 - Richmond 1 |
BOTTOM OF THE 5TH |
Richmond Flying Squirrels batting - Pitching for Lancaster JetHawks : RHP Scott Spillman
|
Batting: RHB Ian Richardson
|
0-0: Ball 1-0: Called Strike 1-1: Swinging Strike 1-2: Ball 2-2: Strikes out swinging
|
Batting: RHB Omar Jordan
|
0-0: Ground out 6-3 (Groundball, 6D, EV 97.5 MPH)
|
Batting: RHB Micah McErlean
|
0-0: Ball 1-0: Foul Ball, location: 2F 1-1: Foul Ball, location: 2F 1-2: SINGLE (Groundball, 6MD, EV 111.2 MPH)
|
Batting: RHB Willie Sanchez
|
0-0: Swinging Strike 0-1: Ball 1-1: Ball 2-1: Ball 3-1: Called Strike 3-2: Ground out 4-3 (Groundball, 4, EV 88.8 MPH)
|
Bottom of the 5th over - 0 runs, 1 hit, 0 errors, 1 left on base; Lancaster 7 - Richmond 1 |
TOP OF THE 6TH |
Lancaster JetHawks batting - Pitching for Richmond Flying Squirrels : RHP Mike Flynn
|
Batting: RHB Nick Deegan
|
0-0: Fly out, F9 (Line Drive, 89D, EV 90.6 MPH)
|
Batting: LHB Josh Corkery
|
0-0: Called Strike 0-1: Swinging Strike 0-2: Hit by Pitch
|
Batting: RHB Steve Moore
|
0-0: Called Strike Josh Corkery steals 2nd base 0-1: Ball 1-1: Ball 2-1: SINGLE (Groundball, 6MD, EV 94.4 MPH) Josh Corkery to third Runner from 3rd tries for Home, throw by CF and OUT! 8-2
|
Batting: RHB Alex Campos
|
0-0: Called Strike Steve Moore steals 2nd base 0-1: Ball 1-1: Ball 2-1: Swinging Strike 2-2: Foul Ball, location: 2F 2-2: Foul Ball, location: 2F 2-2: Strikes out swinging
|
Top of the 6th over - 0 runs, 1 hit, 0 errors, 1 left on base; Lancaster 7 - Richmond 1 |
BOTTOM OF THE 6TH |
Richmond Flying Squirrels batting - Pitching for Lancaster JetHawks : RHP Scott Spillman
|
Batting: SHB David Barona
|
0-0: Ball 1-0: Ball 2-0: Ground out 4-3 (Groundball, 4S, EV 86.9 MPH)
|
Batting: LHB Gil Caraveo
|
0-0: Fly out, F8 (Flyball, 8RD, EV 95.0 MPH)
|
Batting: LHB Gabe Velez
|
0-0: Ball 1-0: Ball 2-0: Called Strike 2-1: Ball 3-1: Base on Balls
|
Batting: LHB Pong-keun Koh
|
0-0: Ground out 4-3 (Groundball, 34S, EV 81.2 MPH)
|
Bottom of the 6th over - 0 runs, 0 hits, 0 errors, 1 left on base; Lancaster 7 - Richmond 1 |
TOP OF THE 7TH |
Lancaster JetHawks batting - Pitching for Richmond Flying Squirrels : RHP Mike Flynn
|
Batting: LHB Jackson Trottier
|
0-0: Ball 1-0: Foul Ball, location: 2F 1-1: Ball 2-1: Swinging Strike 2-2: Foul Ball, location: 2F 2-2: Foul Ball, location: 2F 2-2: Strikes out swinging
|
Batting: RHB Nate Britton
|
0-0: Foul Ball, location: 2F 0-1: Foul Ball, location: 2F 0-2: Foul Ball, location: 2F 0-2: Ball 1-2: Ball 2-2: Ball 3-2: Foul Ball, location: 2F 3-2: Base on Balls
|
Batting: RHB Jorge Gutierrez
|
0-0: Called Strike 0-1: Ball 1-1: Ball 2-1: Fielders Choice at 2nd, 6-4 (Groundball, 6, EV 84.4 MPH)
|
Batting: RHB Andrew Pride
|
0-0: Called Strike 0-1: Swinging Strike 0-2: Foul Ball, location: 2F 0-2: Ball 1-2: Ball 2-2: Fly out, F7 (Flyball, 7LM, EV 96.9 MPH)
|
Top of the 7th over - 0 runs, 0 hits, 0 errors, 1 left on base; Lancaster 7 - Richmond 1 |
BOTTOM OF THE 7TH |
Richmond Flying Squirrels batting - Pitching for Lancaster JetHawks : RHP Scott Spillman
|
Batting: RHB Jonathan Reece
|
0-0: Ball 1-0: Swinging Strike 1-1: Ball 2-1: Foul Ball, location: 2F 2-2: Foul Ball, location: 2F 2-2: Ground out 6-3 (Groundball, 56, EV 103.8 MPH)
|
Pitching: RHP Jayson Campbell
|
|
Batting: RHB Ian Richardson
|
0-0: Ball 1-0: Swinging Strike 1-1: Swinging Strike 1-2: Strikes out looking
|
Batting: RHB Omar Jordan
|
0-0: Called Strike 0-1: Swinging Strike 0-2: Ball 1-2: Foul Ball, location: 2F 1-2: Foul Ball, location: 2F 1-2: Ball 2-2: Ball 3-2: Fly out, F8 (Line Drive, 8RM, EV 91.2 MPH)
|
Bottom of the 7th over - 0 runs, 0 hits, 0 errors, 0 left on base; Lancaster 7 - Richmond 1 |
TOP OF THE 8TH |
Lancaster JetHawks batting - Pitching for Richmond Flying Squirrels : RHP Mike Flynn
|
Pitching: RHP Omar Rondon
|
|
Batting: LHB Lou Toth
|
0-0: Called Strike 0-1: Foul Ball, location: 2F 0-2: Ball 1-2: Strikes out swinging
|
Batting: RHB Nick Deegan
|
0-0: Called Strike 0-1: Foul Ball, location: 2F 0-2: Ball 1-2: Ground out 6-3 (Groundball, 56, EV 86.9 MPH)
|
Batting: LHB Josh Corkery
|
0-0: Called Strike 0-1: Foul Ball, location: 2F 0-2: Ball 1-2: Ball 2-2: Ball 3-2: Base on Balls
|
Batting: RHB Steve Moore
|
0-0: Ball 1-0: Called Strike 1-1: Foul Ball, location: 2F 1-2: Ball 2-2: Foul Ball, location: 2F 2-2: Strikes out swinging
|
Top of the 8th over - 0 runs, 0 hits, 0 errors, 1 left on base; Lancaster 7 - Richmond 1 |
BOTTOM OF THE 8TH |
Richmond Flying Squirrels batting - Pitching for Lancaster JetHawks : RHP Jayson Campbell
|
Batting: RHB Micah McErlean
|
0-0: Called Strike 0-1: Ball 1-1: SINGLE (Groundball, 56D, EV 104.4 MPH)
|
Pinch Hitting: LHB Nate Conley
|
0-0: Ball 1-0: Called Strike 1-1: Foul Ball, location: 2F 1-2: Foul Ball, location: 2F 1-2: Ball 2-2: Strikes out swinging
|
Batting: SHB David Barona
|
0-0: Foul Ball, location: 2F 0-1: Foul Ball, location: 2F 0-2: Strikes out swinging
|
Batting: LHB Gil Caraveo
|
0-0: Ball 1-0: Called Strike 1-1: Ball 2-1: DOUBLE (Line Drive, 9LM, EV 101.9 MPH) Micah McErlean to third
|
Pitching: LHP Mike Holloway
|
|
Batting: LHB Gabe Velez
|
0-0: Called Strike 0-1: Ball 1-1: Ball 2-1: Called Strike 2-2: Strikes out swinging
|
Bottom of the 8th over - 0 runs, 2 hits, 0 errors, 2 left on base; Lancaster 7 - Richmond 1 |
TOP OF THE 9TH |
Lancaster JetHawks batting - Pitching for Richmond Flying Squirrels : RHP Omar Rondon
|
Now at 2B: Matt Shepard
|
|
Now at 3B: David Barona
|
|
Batting: RHB Alex Campos
|
0-0: Ball 1-0: SINGLE (Groundball, 6, EV 96.9 MPH)
|
Batting: LHB Jackson Trottier
|
0-0: Foul Ball, location: 2F 0-1: Foul Ball, location: 2F 0-2: Ball 1-2: Strikes out swinging
|
Pitching: RHP Jay Kouns
|
|
Batting: RHB Nate Britton
|
0-0: Foul Ball, location: 2F 0-1: Swinging Strike 0-2: Strikes out looking
|
Batting: RHB Jorge Gutierrez
|
0-0: Foul Ball, location: 2F 0-1: Called Strike 0-2: Fly out, F7 (Line Drive, 7, EV 100.0 MPH)
|
Top of the 9th over - 0 runs, 1 hit, 0 errors, 1 left on base; Lancaster 7 - Richmond 1 |
BOTTOM OF THE 9TH |
Richmond Flying Squirrels batting - Pitching for Lancaster JetHawks : LHP Mike Holloway
|
Batting: LHB Pong-keun Koh
|
0-0: Swinging Strike 0-1: Ball 1-1: Ball 2-1: Foul Ball, location: 2F 2-2: TRIPLE (Flyball, 9D, EV 90.0 MPH)
|
Batting: RHB Jonathan Reece
|
0-0: Called Strike 0-1: Called Strike 0-2: Strikes out swinging
|
Batting: RHB Ian Richardson
|
0-0: Ball 1-0: Called Strike 1-1: Foul Ball, location: 2F 1-2: Fly out, F9 (Flyball, 89D, EV 104.4 MPH) Runner from 3rd tags up, SCORES, no throw by RF
|
Batting: RHB Omar Jordan
|
0-0: Ball 1-0: Ball 2-0: Called Strike 2-1: Called Strike 2-2: SINGLE (Groundball, 56D, EV 103.8 MPH)
|
Batting: RHB Micah McErlean
|
0-0: Fly out, F4 (Popup, 34, EV 73.8 MPH)
|
Bottom of the 9th over - 1 run, 2 hits, 0 errors, 1 left on base; Lancaster 7 - Richmond 2 |
|